AoeStats
← Beowulf

Black Forest

504640317Analyzed
1v1 RM · 25d ago on Sep 6, 2026· 18m 33s· 2 players
Game mode
Random Map
Map size
Tiny (2 player)
Population
200
Speed
Normal
Resources
Standard
Victory
Conquest
Starting age
Dark Age
Ending age
Imperial Age
RankedLock teamsTeams togetherTeam positionsShared explorationLock speedFull tech treeHidden civsTurbo modeCheats
Victory
Defeat
🇺🇸 Franks · United States
490
+20
🇮🇳 Bengalis · India
514
-17
Beowulf
8:14 Loom
12:08 Feudal Age
17:04 Double-Bit Axe
Tripathis
6:44 Loom
13:25 Feudal Age
13:57 Double-Bit Axe
13:55 Horse Collar
14:33 Stone Mining
14:35 Gold Mining
17:04 Wheelbarrow
Connection lost

Rejoining the realm…

Still unreachable

The connection could not be restored.

Session expired

The server has moved on; the page needs a fresh start.